 Dungeon Crawl Stone Soup version 0.28.0-53-g5a82cb258f (webtiles) character file.

Game seed: 6930422077912139177

1526 Sin92 the Slasher (level 8, 0/62 HPs)
             Began as a Demonspawn Fighter on Aug 8, 2022.
             Was a Follower of Okawaru.
             Slain by an orc warrior
             ... wielding a +0 scimitar
              (9 damage)
             ... on level 6 of the Dungeon.
             The game lasted 00:10:03 (6101 turns).

Sin92 the Slasher (Demonspawn Fighter)              Turns: 6101, Time: 00:10:03

Health: 0/62       AC:  8    Str: 17    XL:     8   Next: 55%
Magic:  8/8        EV: 10    Int:  9    God:    Okawaru [*.....]
Gold:   1120       SH:  5    Dex: 15    Spells: 7/7 levels left

rFire   . . .      SeeInvis +   a - +0 long sword (flame)
rCold   . . .      Faith    .   c - +0 buckler
rNeg    . . .      Spirit   .   b - +0 scale mail
rPois   .          Reflect  .   (helmet unavailable)
rElec   .          Harm     .   h - +0 cloak
rCorr   .          Rampage  .   (no gloves)
Will    .....                   (no boots)
Stlth   ..........              (no amulet)
HPRegen 0.20/turn               e - ring of see invisible
MPRegen 0.11/turn               (no ring)

@: mighty
A: hooves 1, horns 3, powered by death 2, powered by pain 1
a: Renounce Religion, Heroism


You were on level 6 of the Dungeon.
You worshipped Okawaru.
Okawaru was aware of your devotion.
You visited 2 branches of the dungeon, and saw 7 of its levels.

You collected 1120 gold pieces.

Inventory:

Hand Weapons
 a - a +0 long sword of flaming (weapon)
Armour
 b - a +0 scale mail (worn)
 c - a +0 buckler (worn)
 h - a +0 cloak (worn)
Jewellery
 e - a ring of see invisible (left hand)
 f - a ring of ice
Wands
 n - a wand of iceblast (1)
 r - a wand of paralysis (10)
Scrolls
 i - a scroll of fog
 k - a scroll of teleportation
 l - 2 scrolls of magic mapping
Potions
 d - a potion of degeneration
 g - 2 potions of curing
 j - a potion of flight
 m - 2 potions of mutation


   Skills:
 + Level 5.2 Fighting
 * Level 5.8 Long Blades
 + Level 4.8 Armour
 + Level 3.8 Dodging
 + Level 4.8 Shields


You had 7 spell levels left.
You didn't know any spells.
Your spell library contained the following spells:

 Spells                   Type           Power      Damage    Failure   Level
 Apportation              Tloc           0%         N/A       86%         1
 Sublimation of Blood     Necr           0%         N/A       94%         2
 Animate Skeleton         Necr           Unusable   N/A       N/A         1
 Summon Small Mammal      Summ           Unusable   N/A       N/A         1
 Summon Horrible Things   Summ           Unusable   N/A       N/A         8
 Dragon's Call            Summ           Unusable   N/A       N/A         9

Dungeon Overview and Level Annotations

Branches:
Dungeon (6/15)             Temple (1/1) D:5

Altars:
Ashenzari
Cheibriados
Elyvilon
Gozag
Hepliaklqana
Nemelex Xobeh
Okawaru
Qazlal
Sif Muna
Trog
Uskayaw
Vehumet
Wu Jian
Xom
Yredelemnul

Shops:
D:4 *

Annotations:
D:4 Lance11888's ghost, amateur HOFi


Innate Abilities, Weirdness & Mutations

You have large cloven feet.
You have a pair of large horns on your head.
You regenerate health from kills.
You sometimes gain a little power by taking damage.


Message History

An orc warrior comes into view. It is wielding a +0 trident.
The orc moves out of view.
You see here 6 poisoned darts.
An orc comes into view. It is wielding a +0 dagger.
Found a stone staircase leading down.
The orc shouts! x2
There are monsters nearby!
The orc warrior hits you with a +0 scimitar!
There are monsters nearby!
You slash the orc priest! You burn the orc priest.
Your kick misses the orc priest.
The orc priest is almost dead.
You block the orc warrior's attack. You block the orc's attack.
The orc priest hits you but does no damage.
Unknown command.
You block the orc warrior's attack.
The orc warrior hits you from afar with a +0 trident!
The orc priest mumbles some strange prayers to Beogh against you.
Beogh smites you!
You feel very mighty all of a sudden. The orc hits you with a +0 club.
You block the orc warrior's attack.
You slash the orc! You burn the orc.
You kill the orc!
Okawaru accepts your kill.
The orc warrior hits you but does no damage.
You closely miss the orc warrior. Your headbutt misses the orc warrior.
The orc warrior hits you from afar with a +0 trident!
* * * LOW HITPOINT WARNING * * *
The orc priest calls down the wrath of Beogh upon you.
Beogh smites you!
* * * LOW HITPOINT WARNING * * *
The orc warrior completely misses you.
You slash the orc! You burn the orc.
You kill the orc!
Okawaru accepts your kill.
You slash the orc warrior! You burn the orc warrior!
You kick the orc warrior, but do no damage.
The orc warrior is severely wounded.
The orc warrior hits you with a +0 scimitar!
You die...

#........
####>.......
#...........
#.##........
#.##........
#@##.o......
#o##o...##..
#o.)o.....^#
####?##.#######
.......(.#
#######..# #..#
#..# # #..#


You could see an orc warrior and an orc priest.

Vanquished Creatures
  Sigmund (D:2)
  Menkaure (D:5)
  An orc warrior (D:6)
  A necrophage (D:4)
  A centaur (D:5)
  A phantom (D:4)
  A scorpion (D:4)
  A wyvern skeleton (D:6)
  A bullfrog zombie (D:6)
  4 jellies
  3 orc priests
  A hound (D:5)
  3 iguanas
  Natasha (thrice) (D:2)
  A scorpion zombie (D:5)
  3 orc wizards
  3 gnolls
  10 adders
  A shadow imp (D:5)
  An ufetubus (D:6)
  An adder skeleton (D:4)
  An adder zombie (D:5)
  3 worms
  2 dart slugs
  14 orcs
  6 ball pythons
  A bat (D:2)
  13 endoplasms
  6 giant cockroaches
  12 goblins
  7 hobgoblins
  2 jackals (D:1)
  10 kobolds
  2 quokkas
  6 frilled lizards
  A quokka skeleton (D:4)
  5 rats
134 creatures vanquished.

Vanquished Creatures (others)
  4 fungi (D:2)
  8 toadstools (D:2)
12 creatures vanquished.

Grand Total: 146 creatures vanquished

Notes
Turn   | Place    | Note
-------+----------+-------------------------------------------
     0 | D:1      | Sin92 the Demonspawn Fighter began the quest for the Orb.
     0 | D:1      | Reached XP level 1. HP: 18/18 MP: 1/1
     7 | D:1      | Found a faded altar of an unknown god.
   139 | D:1      | Gained mutation: You sometimes gain a little power by
                  | taking damage. [demonic ancestry]
   139 | D:1      | Reached XP level 2. HP: 24/24 MP: 2/2
   483 | D:2      | Gained mutation: You regenerate a little health from kills.
                  | [demonic ancestry]
   483 | D:2      | Reached XP level 3. HP: 17/29 MP: 3/3
   614 | D:2      | Reached skill level 1 in Dodging
   626 | D:2      | Discovered your monstrous ancestry.
   626 | D:2      | Gained mutation: You have a pair of small horns on your
                  | head. [demonic ancestry]
   626 | D:2      | Reached XP level 4. HP: 35/35 MP: 4/4
   695 | D:2      | Noticed Sigmund
   709 | D:2      | HP: 2/52 [something (10)]
   713 | D:2      | Killed Sigmund
   714 | D:2      | Gained mutation: You have large cloven feet. [demonic
                  | ancestry]
   714 | D:2      | Reached XP level 5. HP: 5/42 MP: 5/5
  1179 | D:2      | Gained mutation: You regenerate health from kills. [demonic
                  | ancestry]
  1179 | D:2      | Reached XP level 6. HP: 11/48 MP: 6/6
  1304 | D:2      | Got Sif Muna's Compendium of Dark Summoning
  1423 | D:2      | Noticed Natasha
  1430 | D:2      | Killed Natasha
  1694 | D:2      | Noticed Natasha
  1703 | D:2      | Killed Natasha
  1865 | D:2      | Noticed Natasha
  1876 | D:2      | Killed Natasha
  1877 | D:2      | Gained mutation: You have a pair of horns on your head.
                  | [demonic ancestry]
  1877 | D:2      | Reached XP level 7. HP: 30/54 MP: 7/7
  2255 | D:3      | Found a shimmering blue altar of Sif Muna.
  2431 | D:3      | You fall into a shaft and drop 3 floors!
  2484 | D:6      | Identified a scroll of acquirement
  2484 | D:6      | Acquired 784 gold pieces
  2487 | D:5      | Entered Level 5 of the Dungeon
  2788 | D:5      | Noticed Menkaure
  2796 | D:5      | Killed Menkaure
  3150 | D:5      | Found a bloodstained altar of Trog.
  3150 | D:5      | Found a basalt altar of Yredelemnul.
  3150 | D:5      | Found a hazy altar of Hepliaklqana.
  3194 | D:5      | Found a staircase to the Ecumenical Temple.
  3213 | Temple   | Entered the Ecumenical Temple
  3292 | Temple   | Became a worshipper of Warmaster Okawaru
  3791 | D:4      | Noticed Lance11888's ghost (amateur HOFi)
  3811 | D:4      | Found a runed translucent door.
  3838 | D:4      | Reached skill level 5 in Long Blades
  3838 | D:4      | Gained mutation: You have a pair of large horns on your
                  | head. [demonic ancestry]
  3838 | D:4      | Reached XP level 8. HP: 60/61 MP: 8/8
  4048 | D:4      | Found Wolixtab's Fire Supplies.
  4081 | D:4      | Found a snail-covered altar of Cheibriados.
  5063 | D:5      | Reached skill level 5 in Fighting
  5267 | D:5      | Found a radiant altar of Vehumet.
  5799 | D:6      | Reached * piety under Okawaru
  6101 | D:6      | Slain by an orc warrior

Illustrated notes

Levels and vault maps discovered:
D:1:      lightli_arrival_statuegarden, layout_rooms,
          ebering_ecumenical_altar_sacrificial, amcnicky_mini_pool_small
D:2:      cheibrodos_fertilizer, layout_rooms, minmay_joined_circles,
          uniq_sigmund, uniq_natasha
D:3:      layout_loops_ring, mainiacjoe_overflow_catwalk
D:4:      layout_loops_ring, slow_altar_1, hellmonk_ghost_happy_afterlife,
          chequers_jeans, kennysheep_cross_room, nicolae_shop_fire_sale
          [nicolae_sub_dead_trees], kennysheep_decorative_pillar
D:5:      layout_cave_pools, nicolae_vehumet_altar_sigil,
          gammafunk_temple_overflow_forgotten, minmay_temple_entry_mini_moons,
          glass_columns_c, uniq_menkaure
D:6:      layout_loops_ring
Temple:   dshaligram_water_room_temple

Skill      XL: |  1  2  3  4  5  6  7  8 |
---------------+-------------------------+-----
Long Blades    | 2 3 4 5 |  5.8
Armour         | 3 4 |  4.8
Dodging        | 1 2 3 |  3.8
Shields        | 3 4 |  4.8
Fighting       | 4 5 |  5.2

Action                   |  1- 3 |  4- 6 |  7- 9 || total
-------------------------+-------+-------+-------++-------
Melee: Long sword        |    67 |   129 |   234 ||   430
       Headbutt          |       |    16 |    37 ||    53
       Kick              |       |    29 |    64 ||    93
  Use: Potion            |     1 |     6 |     3 ||    10
       Scroll            |       |       |     9 ||     9
Armor: Scale mail        |    27 |    48 |    63 ||   138
       Skin              |       |     1 |       ||     1
Dodge: Dodged            |    26 |    56 |   122 ||   204
Block: Buckler           |    10 |    27 |    49 ||    86
